 Dungeon Crawl Stone Soup version 0.31-a0-986-g5e6e4ef867 (console) character file.

Game seed: 4807672529265539853

110968 jejorda2 the Fighter (level 16, -4/192 (196) HPs)
             Began as a Gnoll Berserker on Nov 17, 2023.
             Was a High Priest of Trog.
             Killed by an exploding broodmother (10 damage)
             ... ignited by their inner flame
             ... on level 1 of the Spider Nest.
             The game lasted 01:24:03 (28371 turns).

jejorda2 the Fighter (Gnoll Berserker)             Turns: 28371, Time: 01:24:03

HP:   -4/192 (196)  AC: 27    Str: 24      XL:     16   Next: 56%
MP:   0/31          EV: 10    Int:  5 (7)  God:    Trog [*****.]
Gold: 1103          SH: 24    Dex: 12      Spells: 37/37 levels left

rFire   + + .        a - +5 broad axe (drain)
rCold   . . .        B - +5 Storm Queen's Shield {shock, Fly rElec}
rNeg    + . .        x - +0 plate armour
rPois   .            G - +2 helmet
rElec   +            H - +2 cloak
rCorr   .            s - +2 pair of gloves
SInv    .            J - +0 pair of boots
Will    +++..        R - brooch of Shielding {Spirit SH+8} Stlth
                     K - ring of protection from fire
HPRegen 1.52/turn    Q - ring "Sieck" {rF+ rN+}
MPRegen 0.22/turn

%: guardian spirit
@: berserking, lethally poisoned (-4 -> -15), strong-willed, flying,
regenerating, studying Fighting, lightly drained, very quick
A: fangs 1, strong nose, distributed training
a: Renounce Religion, Berserk, Trog's Hand, Brothers in Arms


You were on level 1 of the Spider Nest.
You worshipped Trog.
Trog was extremely pleased with you.
You visited 4 branches of the dungeon, and saw 23 of its levels.
You also visited: Ossuary and Gauntlet.

You collected 2727 gold pieces.
You spent 1624 gold pieces at shops.

Inventory:

Hand Weapons
 a - a +5 broad axe of draining (weapon)
 b - the +10 short sword "Qyg Runa" {antimagic, rN+}
   (You found it in a Gauntlet)

   rN+:       It protects you from negative energy.
Missiles
 d - 2 datura-tipped darts
 f - 14 boomerangs (quivered)
 u - 4 poisoned darts
 O - 4 curare-tipped darts
 S - 8 javelins
Armour
 s - a +2 pair of gloves (worn)
 x - a +0 plate armour (worn)
 A - a scarf of resistance
 B - the +5 Storm Queen's Shield (worn) {shock, Fly rElec}
   (You found it on level 11 of the Dungeon)

   Shock:     When it blocks an attack, it may electrocute the attacker.
   This works even against foes who are a short distance away.
   rElec:     It insulates you from electricity.
   Fly:       It grants you flight.
 G - a +2 helmet (worn)
 H - a +2 cloak (worn)
 J - a +0 pair of boots (worn)
Jewellery
 c - a ring of protection from cold
 h - a ring of resist corrosion
 I - a ring of protection from cold
 K - a ring of protection from fire (left hand)
 Q - the ring "Sieck" (right hand) {rF+ rN+}
   (You found it in a Gauntlet)

   [ring of protection from fire]

   rF+:       It protects you from fire.
   rN+:       It protects you from negative energy.
 R - the brooch of Shielding (around neck) {Spirit SH+8}
   (You bought it in a shop on level 2 of the Orcish Mines)

   [amulet of guardian spirit]

   Spirit:    It causes incoming damage to be divided between your reserves of
   health and magic.
   SH+8:      It affects your SH (+8).
Wands
 m - a wand of acid (13)
 o - a wand of flame (8)
 q - a wand of paralysis (11)
 v - a wand of iceblast (19)
 L - a wand of mindburst (22)
 M - a wand of polymorph (17)
 P - a wand of digging (15)
Scrolls
 e - 6 scrolls of blinking
 i - 2 scrolls of fog
 k - 2 scrolls of fear
 l - 8 scrolls of teleportation
 n - a scroll of summoning
 p - a scroll of revelation
 y - 4 scrolls of immolation
 E - a scroll of silence
 N - 3 scrolls of poison
Potions
 g - 12 potions of curing
 j - 7 potions of heal wounds
 r - 4 potions of ambrosia
 t - 5 potions of mutation
 w - 2 potions of resistance
 z - 2 potions of might
 C - 4 potions of invisibility
 D - 2 potions of attraction
 F - 7 potions of haste
 U - a potion of cancellation
 W - 2 potions of enlightenment
Miscellaneous
 V - a tin of tremorstones (2/2)


   Skills:
 + Level 13.5 Fighting
 + Level 11.2 Short Blades
 + Level 11.2 Long Blades
 + Level 12.8 Axes
 + Level 11.2 Maces & Flails
 + Level 11.2 Polearms
 + Level 11.2 Staves
 + Level 11.2 Ranged Weapons
 + Level 11.2 Throwing
 + Level 12.0 Armour
 + Level 12.0 Dodging
 + Level 11.2 Stealth
 + Level 11.2 Shields
 + Level 11.2 Unarmed Combat
 + Level 11.2 Spellcasting
 + Level 9.4 Conjurations
 + Level 9.4 Hexes
 + Level 9.4 Summonings
 + Level 9.4 Necromancy
 + Level 9.4 Translocations
 + Level 9.4 Transmutations
 + Level 9.4 Fire Magic
 + Level 9.4 Ice Magic
 + Level 9.4 Air Magic
 + Level 9.4 Earth Magic
 + Level 9.4 Poison Magic
 + Level 12.1 Invocations
 + Level 11.2 Evocations
 + Level 10.3 Shapeshifting


You had 37 spell levels left.
You didn't know any spells.
Your spell library was empty.

Dungeon Overview and Level Annotations

Branches:
Dungeon (15/15)            Temple (0/1) D:4            Lair (5/5) D:8
  Swamp (0/4) Lair:2       Spider (1/4) Lair:3        Slime (0/5) Lair:5
    Orc (2/2) D:11            Elf (0/3) Orc:2        Vaults (0/5) D:13
 Depths (0/4) D:15        Ossuary (visited)         Gauntlet (visited)

Altars:
Dithmenos
Elyvilon
Gozag
Ru
Uskayaw
Vehumet
Xom
Zin
Jiyva

Shops:
D:4 *[   D:5 :   Orc:1 ?   Orc:2 *[(=

Annotations:
D:6 exclusion: statue
D:11 1 transporter
Spider:1 1 transporter


Innate Abilities, Weirdness & Mutations

You have very sharp teeth.
Your uncanny sense of smell can sniff out nearby items.
Your experience applies equally to all skills.


Message History

The culicivora's corpse disappears in a puff of smoke!
The fiery explosion engulfs the broodmother!!
Flame seeps out of the broodmother.
The broodmother is almost dead.
The fiery explosion engulfs the emperor scorpion!
Flame seeps out of the emperor scorpion.
The emperor scorpion is lightly wounded.
The fiery explosion engulfs you! You resist.
* * * LOW HITPOINT WARNING * * *
The culicivora explodes!
The fiery explosion engulfs the emperor scorpion!!
Flame seeps out of the emperor scorpion.
The emperor scorpion is moderately wounded.
The jorogumo explodes!
The ghost moth explodes!
The jumping spider explodes!
The tarantella explodes!
The broodmother explodes!
The fiery explosion engulfs you. You resist.
* * * LOW HITPOINT WARNING * * *
The fiery explosion engulfs the broodmother!!!
Trog accepts your kill.
The orb spider disappears in a puff of smoke!
The fiery explosion engulfs the orange crystal statue.
The orange crystal statue resists.
You destroy the orange crystal statue!
Trog accepts your kill.
The fiery explosion engulfs the emperor scorpion!!
Flame seeps out of the emperor scorpion.
The emperor scorpion is severely wounded.
The fiery explosion engulfs the emperor scorpion!!
Trog accepts your kill.
The emperor scorpion explodes!
The fiery explosion engulfs you! You resist.
* * * LOW HITPOINT WARNING * * *
The fiery explosion engulfs the emperor scorpion!!
Flame seeps out of the emperor scorpion.
The emperor scorpion is almost dead.
The broodmother explodes!
The fiery explosion engulfs the emperor scorpion!!!
Trog accepts your kill. The fiery explosion engulfs you! You resist.
You die...

##........^..#.......#......#.###
.###.......^.#.......#...........
>................................
.............#########...........
............##.......##..........
......##....#8.#.§§#.8#).........
.......####.#.°§#§#§$!#....>.....
............#§§○°°§§=$#..........
...........©#○§°@§§§$©#©.........
............#§§°○°§§[=#..........
............#§○§#§#.$$#..........
............#8§#..§#.8#..........
............##.......##......##..
.............#########...........
......###........................
.............#.#####......#......
...................#.^....#...)..


There were no monsters in sight!

Vanquished Creatures
  Gastronok (D:8)
  Agnes (D:15)
  Kirke (Lair:5)
  3 emperor scorpions (Spider:1)
  2 ghost moths (Spider:1)
  2 orc warlords (Orc:2)
  2 broodmothers (Spider:1)
  A minotaur (Gauntlet)
  A spark wasp (Spider:1)
  A quicksilver dragon zombie (D:15)
  An entropy weaver (Spider:1)
  4 hydras
  Fannar (D:12)
  2 jorogumos
  4 vault guards (D:13)
  4 centaur warriors
  A death knight (D:13)
  An ogre mage (Orc:1)
  9 two-headed ogres
  A radroach (Lair:3)
  4 boulder beetles
  A vampire mage (D:15)
  4 catoblepae
  5 orc high priests
  2 demonic crawlers (Spider:1)
  3 tengu warriors (D:14)
  A storm dragon zombie (D:15)
  3 skysharks
  A pharaoh ant (Spider:1)
  5 skeletal warriors
  A storm dragon skeleton (D:15)
  2 steelbarb worms
  2 orb spiders
  An orange crystal statue (Spider:1)
  A necromancer (D:15)
  A deep elf pyromancer (D:12)
  3 orc knights
  5 manticores
  5 orc sorcerers
  2 ugly things (D:13)
  3 cyclopes (D:15)
  7 elephants
  4 wolf spiders (Spider:1)
  A worldbinder (Gauntlet)
  Joseph (D:9)
  5 black mambas
  2 torpor snails
  3 gargoyles
  13 cane toads
  Maggie (D:8)
  Jeremiah (D:8)
  7 komodo dragons
  A cane toad (shapeshifter) (D:13)
  2 kobold demonologists (D:13)
  2 rime drakes
  An efreet (D:14)
  A freezing wraith (D:15)
  2 tengu conjurers (D:14)
  7 polar bears
  3 trolls
  5 hornets (Lair:5)
  11 tarantellas
  20 blink frogs
  2 dream sheep (Lair:5)
  10 flying skulls (Gauntlet)
  4 jumping spiders (Spider:1)
  17 slime creatures
  15 spriggans (Lair:5)
  3 wraiths
  2 wyverns
  42 yaks
  6 culicivoras
  A shadow (D:12)
  A vampire (D:13)
  6 basilisks
  A hog (Lair:5)
  2 steam dragons
  21 redbacks
  7 humans (D:13)
  6 vampire mosquitoes
  A redback simulacrum (D:15)
  2 swamp worms (Lair:2)
  7 wargs
  9 water moccasins
  Duvessa (D:4)
  6 black bears
  32 orc warriors
  A sky beast (D:8)
  15 wolves (Lair:5)
  An ice beast (D:6)
  8 boggarts
  10 ogres
  12 centaurs
  3 phantoms
  Blork the orc (D:6)
  14 bullfrogs
  2 scorpions
  3 gnoll sergeants
  5 wights (D:8)
  Dowan (D:4)
  9 killer bees
  An electric eel (Lair:4)
  4 howler monkeys
  A centaur zombie (Ossuary)
  2 human zombies (Ossuary)
  4 hounds (D:5)
  11 orc priests
  7 jellies
  3 gnoll boudas
  3 sleepcaps
  Ijyb (D:5)
  Natasha (thrice) (D:2)
  4 iguanas
  21 orc wizards
  3 mummies (Ossuary)
  21 gnolls
  7 adders
  4 shadow imps
  2 white imps
  A worm (D:3)
  4 dart slugs
  56 orcs
  6 endoplasms
  2 giant cockroaches (D:1)
  11 goblins
  8 hobgoblins
  3 jackals (D:5)
  16 kobolds
  6 quokkas
  13 ball pythons
  10 bats
  5 frilled lizards
  2 goblin zombies (Ossuary)
  A hobgoblin zombie (Ossuary)
  A kobold zombie (Ossuary)
  An orc zombie (Ossuary)
  3 rats
738 creatures vanquished.

Vanquished Creatures (collateral kills)
  A troll (D:11)
  A yak (D:8)
  A warg (D:11)
  3 water moccasins (D:8)
  A black bear (D:8)
  An ogre (D:5)
  4 centaurs (D:11)
  A bullfrog (D:8)
  4 wights (D:8)
  2 orc priests (D:11)
  3 orcs (D:11)
22 creatures vanquished.

Vanquished Creatures (others)
  An orb spider (Spider:1)
  4 humans
  An orc wizard (D:5)
6 creatures vanquished.

Grand Total: 766 creatures vanquished

Notes
Turn   | Place    | Note
-------+----------+-------------------------------------------
     0 | D:1      | jejorda2 the Gnoll Berserker began the quest for the Orb.
     0 | D:1      | Reached XP level 1. HP: 23/23 MP: 1/1
   225 | D:1      | Reached XP level 2. HP: 29/29 MP: 2/2
   383 | D:1      | Found a faded altar of an unknown god.
   501 | D:1      | Reached XP level 3. HP: 33/35 MP: 3/3
   578 | D:1      | Reached ** piety under Trog
   776 | D:2      | Reached skill level 1 in Invocations
   851 | D:2      | Reached skill level 1 in Short Blades
   851 | D:2      | Reached skill level 1 in Long Blades
   851 | D:2      | Reached skill level 1 in Maces & Flails
   851 | D:2      | Reached skill level 1 in Polearms
   851 | D:2      | Reached skill level 1 in Staves
   851 | D:2      | Reached skill level 1 in Ranged Weapons
   851 | D:2      | Reached skill level 1 in Throwing
   851 | D:2      | Reached skill level 1 in Stealth
   851 | D:2      | Reached skill level 1 in Shields
   851 | D:2      | Reached skill level 1 in Unarmed Combat
   851 | D:2      | Reached skill level 1 in Spellcasting
   851 | D:2      | Reached skill level 1 in Evocations
   939 | D:2      | Noticed Natasha
   948 | D:2      | Killed Natasha
   949 | D:2      | Reached skill level 1 in Shapeshifting
   949 | D:2      | Reached XP level 4. HP: 29/41 MP: 5/5
  1103 | D:2      | Noticed Natasha
  1113 | D:2      | Killed Natasha
  1114 | D:2      | Reached skill level 1 in Conjurations
  1114 | D:2      | Reached skill level 1 in Hexes
  1114 | D:2      | Reached skill level 1 in Summonings
  1114 | D:2      | Reached skill level 1 in Necromancy
  1114 | D:2      | Reached skill level 1 in Translocations
  1114 | D:2      | Reached skill level 1 in Transmutations
  1114 | D:2      | Reached skill level 1 in Fire Magic
  1114 | D:2      | Reached skill level 1 in Ice Magic
  1114 | D:2      | Reached skill level 1 in Air Magic
  1114 | D:2      | Reached skill level 1 in Earth Magic
  1114 | D:2      | Reached skill level 1 in Poison Magic
  1126 | D:2      | Noticed Natasha
  1142 | D:2      | Killed Natasha
  1143 | D:2      | Reached XP level 5. HP: 16/47 MP: 5/7
  2367 | D:3      | Reached *** piety under Trog
  2536 | D:4      | Found Xuckyr's Antique Armour Emporium.
  2649 | D:4      | Reached XP level 6. HP: 52/53 MP: 8/8
  2654 | D:4      | Reached skill level 5 in Armour
  2654 | D:4      | Reached skill level 5 in Dodging
  2888 | D:4      | Found a shadowy altar of Dithmenos.
  2889 | D:4      | Noticed Dowan
  2896 | D:4      | Noticed Duvessa
  2925 | D:4      | Killed Duvessa
  2926 | D:4      | Reached XP level 7. HP: 59/59 MP: 10/10
  2963 | D:4      | Killed Dowan
  2964 | D:4      | Reached skill level 7 in Fighting
  3000 | D:4      | Found a sacrificial altar of Ru.
  3000 | D:4      | Paralysed by a hobgoblin for 3 turns
  3227 | D:4      | Found a staircase to the Ecumenical Temple.
  3370 | D:4      | Found Noila's Assorted Antiques.
  3463 | D:5      | Entered Level 5 of the Dungeon
  3548 | D:5      | Found a shimmering altar of Xom.
  3551 | D:5      | Found a shimmering altar of Xom.
  3609 | D:5      | Found a sand-covered staircase.
  3609 | D:5      | Noticed Ijyb
  3633 | D:5      | Killed Ijyb
  3634 | D:5      | Reached XP level 8. HP: 39/67 MP: 12/12
  3693 | Ossuary  | Entered an ossuary
  4448 | D:5      | Found Ganaomum's Self-Published Books.
  4669 | D:4      | Bought a heavily runed chain mail for 228 gold pieces
  4669 | D:4      | Identified the +0 chain mail of Uskayaw's Grace {rCorr}
                  | (You bought it in a shop on level 4 of the Dungeon)
  4771 | D:6      | Reached **** piety under Trog
  5048 | D:6      | Noticed a wyvern
  5055 | D:6      | Killed a wyvern
  5056 | D:6      | Reached XP level 9. HP: 73/73 MP: 13/15
  5219 | D:6      | Noticed Blork the orc
  5225 | D:6      | Killed Blork the orc
  5435 | D:6      | Found a radiant altar of Vehumet.
  6063 | D:7      | You fall into a shaft and drop 3 floors!
  6063 | D:10     | Entered Level 10 of the Dungeon
  6123 | D:9      | Reached skill level 8 in Fighting
  6198 | D:8      | Reached skill level 5 in Invocations
  6395 | D:7      | Found a hide-covered altar of Uskayaw.
  6678 | D:4      | Bought a glowing cloak for 180 gold pieces
  6941 | D:8      | Reached XP level 10. HP: 80/80 MP: 17/17
  6953 | D:8      | Reached skill level 5 in Short Blades
  6953 | D:8      | Reached skill level 5 in Long Blades
  6953 | D:8      | Reached skill level 5 in Maces & Flails
  6953 | D:8      | Reached skill level 5 in Polearms
  6953 | D:8      | Reached skill level 5 in Staves
  6953 | D:8      | Reached skill level 5 in Ranged Weapons
  6953 | D:8      | Reached skill level 5 in Throwing
  6953 | D:8      | Reached skill level 5 in Stealth
  6953 | D:8      | Reached skill level 5 in Shields
  6953 | D:8      | Reached skill level 5 in Unarmed Combat
  6953 | D:8      | Reached skill level 5 in Spellcasting
  6953 | D:8      | Reached skill level 5 in Evocations
  6970 | D:8      | Found a staircase to the Lair.
  7296 | D:8      | Noticed Gastronok
  7318 | D:8      | Killed Gastronok
  7319 | D:8      | Reached skill level 5 in Shapeshifting
  7600 | D:8      | Found an opulent altar of Gozag.
  7678 | D:8      | Noticed Maggie
  7691 | D:8      | Killed Maggie
  7692 | D:8      | Reached XP level 11. HP: 87/87 MP: 19/19
  7838 | D:8      | Reached skill level 9 in Fighting
  7864 | D:8      | Noticed Jeremiah
  7887 | D:8      | Killed Jeremiah
  7888 | D:8      | Reached skill level 5 in Conjurations
  7888 | D:8      | Reached skill level 5 in Hexes
  7888 | D:8      | Reached skill level 5 in Summonings
  7888 | D:8      | Reached skill level 5 in Necromancy
  7888 | D:8      | Reached skill level 5 in Translocations
  7888 | D:8      | Reached skill level 5 in Transmutations
  7888 | D:8      | Reached skill level 5 in Fire Magic
  7888 | D:8      | Reached skill level 5 in Ice Magic
  7888 | D:8      | Reached skill level 5 in Air Magic
  7888 | D:8      | Reached skill level 5 in Earth Magic
  7888 | D:8      | Reached skill level 5 in Poison Magic
  8029 | D:8      | Noticed a centaur warrior
  8644 | D:9      | Noticed a two-headed ogre
  8652 | D:9      | Killed a two-headed ogre
  9020 | D:9      | Noticed Joseph
  9037 | D:9      | Killed Joseph
  9668 | D:10     | Noticed a two-headed ogre
  9680 | D:10     | Killed a two-headed ogre
 10375 | D:10     | Identified the +4 arbalest of Miuggokarch {heavy, rCorr
                  | Int+3}
 10684 | D:11     | Found a transporter.
 10780 | D:11     | Found a staircase to the Orcish Mines.
 10785 | D:11     | Found the +5 Storm Queen's Shield {shock, Fly rElec}
 10861 | D:11     | Noticed a two-headed ogre
 10886 | D:11     | Killed a two-headed ogre
 10903 | D:11     | Reached XP level 12. HP: 69/97 MP: 22/22
 11278 | D:11     | Noticed a two-headed ogre
 11287 | D:11     | Killed a two-headed ogre
 11837 | D:4      | Bought a pair of boots for 108 gold pieces
 11955 | Lair:1   | Entered Level 1 of the Lair of Beasts
 12115 | Lair:1   | Reached skill level 10 in Fighting
 12115 | Lair:1   | Reached skill level 10 in Axes
 13014 | Lair:2   | Noticed a skyshark
 13032 | Lair:2   | Killed a skyshark
 13195 | Lair:2   | Reached XP level 13. HP: 104/104 MP: 23/25
 14770 | Lair:2   | Found a staircase to the Swamp.
 15442 | Lair:3   | Found a hole to the Spider Nest.
 15799 | Lair:3   | Found a glowing silver altar of Zin.
 16867 | Lair:4   | Reached skill level 11 in Fighting
 16867 | Lair:4   | Reached skill level 10 in Armour
 16867 | Lair:4   | Reached skill level 10 in Dodging
 17234 | Lair:5   | Entered Level 5 of the Lair of Beasts
 17234 | Lair:5   | Found a white marble altar of Elyvilon.
 17649 | Lair:5   | Noticed Kirke
 17661 | Lair:5   | Killed Kirke
 17662 | Lair:5   | Reached XP level 14. HP: 113/113 MP: 25/27
 17700 | Lair:5   | Found a viscous altar of Jiyva.
 17705 | Lair:5   | Found a staircase to the Slime Pits.
 18576 | Lair:5   | Reached skill level 10 in Invocations
 18845 | Lair:5   | Paralysed by a hornet for 3 turns
 20276 | D:12     | Noticed Fannar
 20298 | D:12     | Killed Fannar
 21678 | D:13     | Reached XP level 15. HP: 103/120 MP: 28/28
 21706 | D:13     | Reached skill level 10 in Short Blades
 21706 | D:13     | Reached skill level 10 in Long Blades
 21706 | D:13     | Reached skill level 10 in Maces & Flails
 21706 | D:13     | Reached skill level 10 in Polearms
 21706 | D:13     | Reached skill level 10 in Staves
 21706 | D:13     | Reached skill level 10 in Ranged Weapons
 21706 | D:13     | Reached skill level 10 in Throwing
 21706 | D:13     | Reached skill level 10 in Stealth
 21706 | D:13     | Reached skill level 10 in Shields
 21706 | D:13     | Reached skill level 10 in Unarmed Combat
 21706 | D:13     | Reached skill level 10 in Spellcasting
 21706 | D:13     | Reached skill level 10 in Evocations
 21896 | D:13     | Found a gate to the Vaults.
 22788 | D:14     | Reached skill level 12 in Fighting
 23494 | D:15     | Entered Level 15 of the Dungeon
 23635 | D:15     | Found a staircase to the Depths.
 23720 | D:15     | Found a gate leading to a gauntlet.
 23726 | Gauntlet | Entered a Gauntlet
 23726 | Gauntlet | Found a transporter.
 23726 | Gauntlet | Found a transporter.
 23737 | Gauntlet | Found a transporter.
 23741 | Gauntlet | Found a transporter.
 23749 | Gauntlet | Found a transporter.
 23753 | Gauntlet | Found a transporter.
 23761 | Gauntlet | Found a transporter.
 23781 | Gauntlet | Found a transporter.
 23799 | Gauntlet | Found a transporter.
 23803 | Gauntlet | Found a transporter.
 23811 | Gauntlet | Found a transporter.
 23815 | Gauntlet | Found a transporter.
 24047 | Gauntlet | Identified the ring "Sieck" {rF+ rN+}
 24088 | Gauntlet | Identified the +10 short sword "Qyg Runa" {antimagic, rN+}
 24231 | D:15     | Noticed Agnes
 24248 | D:15     | Killed Agnes
 24837 | Orc:1    | Entered Level 1 of the Orcish Mines
 25002 | Orc:1    | Found Debokh's Magic Scroll Boutique.
 25011 | Orc:1    | Paralysed by an orc sorcerer for 5 turns
 25051 | Orc:1    | Bought a scroll of silence for 133 gold pieces
 25244 | Orc:2    | Entered Level 2 of the Orcish Mines
 25244 | Orc:2    | Noticed an orc warlord
 25248 | Orc:2    | Noticed an orc warlord
 25293 | Orc:2    | Found Deepnag's General Store.
 25304 | Orc:1    | Reached ***** piety under Trog
 25459 | Orc:2    | Found Tytadgh's Antique Armour Shop.
 25575 | Orc:2    | Reached XP level 16. HP: 125/129 MP: 30/30
 25917 | Orc:2    | Found a staircase to the Elven Halls.
 25927 | Orc:2    | Found Sum Muut's Antique Weapon Boutique.
 26024 | Orc:2    | Found Ejodubu's Jewellery Boutique.
 26035 | Orc:2    | Reached skill level 10 in Shapeshifting
 26170 | Orc:2    | Reached skill level 13 in Fighting
 26415 | Spider:1 | Entered Level 1 of the Spider Nest
 26826 | Orc:2    | Bought the brooch of Shielding {Spirit SH+8} for 975 gold
                  | pieces
 26826 | Orc:2    | Found the brooch of Shielding {Spirit SH+8}
 27091 | Lair:3   | Paralysed by a jorogumo for 1 turns
 27375 | Spider:1 | Found a transporter.
 27617 | Spider:1 | Found a transporter.
 27859 | Spider:1 | Received a gift from Trog
 28371 | Spider:1 | HP: 6/192 [spore (17)]
 28371 | Spider:1 | Killed by an exploding broodmother... ignited by their
                  | inner flame

Illustrated notes

Levels and vault maps discovered:
D:1:      sevenhm_arrival_forest_fort_small_4, layout_loops_ring,
          shapermc_ecumenical_altar_pompeii
D:2:      layout_basic, uniq_natasha
D:3:      layout_basic
D:4:      layout_layer_cave, grunt_temple_overflow_open,
          minmay_temple_entry_glassed_door, serial_shops,
          nicolae_shop_statue_plus, kennysheep_windowed_goal, uniq_duvessa
D:5:      layout_loops_cross, xom_redecorated, nicolae_ossuary_entry_ruins,
          st_stairs_10, nicolae_custom_books, uniq_ijyb
D:6:      layout_basic, vehumet_statue, chequers_serial_rivers_micro_a,
          minmay_splitting_lines, minmay_misc_feat_tiny, kennysheep_boxes,
          uniq_blork_the_orc
D:7:      layout_basic, mainiacjoe_overflow_brackets
D:8:      layout_loops_ring, mainiacjoe_overflow_24_doors,
          due_lair_maze_entry_diamond, onia_ninara_dug_in_and_dangerous,
          uniq_gastronok, uniq_jeremiah, uniq_maggie
D:9:      layout_stronghold, uniq_joseph
D:10:     layout_layer_cave
D:11:     layout_loops_corners, erik_orc_4, nicolae_diode_basic
D:12:     layout_long_grid, uniq_fannar
D:13:     layout_loops_cross, ximxim_vaults_locker_room, grunt_decor_fettered
D:14:     layout_loops_ring, minivault_23
D:15:     gammafunk_depths_entry_grave, layout_loops_ring,
          gauntlet_entry_generic, corexii_corridor_pit, lightli_corner_chamber,
          uniq_agnes
Lair:1:   layout_misc_corridors, st_stairs_3
Lair:2:   layout_gridlike, palyth_hydra_swamp_entry,
          chequers_serial_rivers_small_3
Lair:3:   layout_roguey, nicolae_spider_entry_orb_guardian, basic_altar
Lair:4:   layout_misc_corridors, serial_bayou_shore_a, lemuel_fruit_tree
Lair:5:   minmay_lair_end_enchanted_forest, layout_cave_pods,
          minmay_slime_entry_pillars, lemuel_altar_in_water2, uniq_kirke
Spider:1: gammafunk_sealed_arena, spiders_nest_hornet_nest,
          hangedman_spider_tarantella_strand
Orc:1:    layout_caves, serial_shops, shop
Orc:2:    grunt_orc_gardens, layout_caves, grunt_orc_garden, grunt_orc_garden,
          grunt_orc_garden, grunt_orc_garden, basic_altar,
          nicolae_orc_tapped_out

Skill      XL: |  1  2  3  4  5  6  7  8  9 10 11 12 13 14 15 16 |
---------------+-------------------------------------------------+-----
Invocations    | 1 2 3 4 5 6 7 8 9 10 11 12 | 12.1
Short Blades   | 1 2 4 5 6 8 9 10 11 | 11.2
Long Blades    | 1 2 4 5 6 8 9 10 11 | 11.2
Maces & Flails | 1 2 4 5 6 8 9 10 11 | 11.2
Polearms       | 1 2 4 5 6 8 9 10 11 | 11.2
Staves         | 1 2 4 5 6 8 9 10 11 | 11.2
Ranged Weapons | 1 2 4 5 6 8 9 10 11 | 11.2
Throwing       | 1 2 4 5 6 8 9 10 11 | 11.2
Stealth        | 1 2 4 5 6 8 9 10 11 | 11.2
Shields        | 1 2 4 5 6 8 9 10 11 | 11.2
Unarmed Combat | 1 2 4 5 6 8 9 10 11 | 11.2
Spellcasting   | 1 2 4 5 6 8 9 10 11 | 11.2
Evocations     | 1 2 4 5 6 8 9 10 11 | 11.2
Shapeshifting  | 1 2 3 4 5 6 7 8 9 10 | 10.3
Conjurations   | 1 2 3 4 5 6 7 8 9 |  9.4
Hexes          | 1 2 3 4 5 6 7 8 9 |  9.4
Summonings     | 1 2 3 4 5 6 7 8 9 |  9.4
Necromancy     | 1 2 3 4 5 6 7 8 9 |  9.4
Translocations | 1 2 3 4 5 6 7 8 9 |  9.4
Transmutations | 1 2 3 4 5 6 7 8 9 |  9.4
Fire Magic     | 1 2 3 4 5 6 7 8 9 |  9.4
Ice Magic      | 1 2 3 4 5 6 7 8 9 |  9.4
Air Magic      | 1 2 3 4 5 6 7 8 9 |  9.4
Earth Magic    | 1 2 3 4 5 6 7 8 9 |  9.4
Poison Magic   | 1 2 3 4 5 6 7 8 9 |  9.4
Armour         | 5 6 7 8 9 10 11 12 | 12.0
Dodging        | 5 6 7 8 9 10 11 12 | 12.0
Fighting       | 7 8 9 10 11 12 13 | 13.5
Axes           | 7 8 9 10 11 12 | 12.8

Action                     |  1- 3 |  4- 6 |  7- 9 | 10-12 | 13-15 | 16-18 || total
---------------------------+-------+-------+-------+-------+-------+-------++-------
  Melee: Hand axe          |   101 |    89 |       |       |       |       ||   190
         Bite              |    11 |     7 |    44 |    87 |   154 |    40 ||   343
         Punch             |     1 |     1 |    16 |    12 |       |       ||    30
         War axe           |       |    43 |   347 |   530 |   636 |       ||  1556
         Trident           |       |       |       |       |    81 |       ||    81
         Broad axe         |       |       |       |       |   370 |   274 ||   644
  Throw: Boomerang         |       |       |     8 |    15 |    25 |     5 ||    53
         Dart              |       |       |       |     2 |     6 |     4 ||    12
 Invoke: Trog's Hand       |     1 |     1 |     5 |     5 |    14 |     2 ||    28
         Berserk           |       |     4 |    10 |    16 |    27 |     7 ||    64
         Brothers in Arms  |       |       |       |     2 |     1 |       ||     3
  Evoke: Wand              |       |       |       |     4 |     2 |       ||     6
    Use: Potion            |       |     1 |       |       |       |       ||     1
         Scroll            |       |       |    20 |     4 |    12 |     2 ||    38
   Stab: Sleeping          |     2 |       |       |       |       |       ||     2
 Armour: Animal skin       |    46 |       |       |       |       |       ||    46
         Scale mail        |       |    38 |       |       |       |       ||    38
         Chain mail        |       |    51 |    46 |       |       |       ||    97
         Plate armour      |       |       |   288 |   448 |   845 |   231 ||  1812
  Dodge: Dodged            |    66 |    70 |   136 |   199 |   346 |    89 ||   906
  Block: Kite shield       |       |       |       |   186 |   937 |   354 ||  1477

Table legend: (Time is in decaauts)
 A = Elapsed time spent in this place.
 B = Non-inter-level travel time spent in this place.
 C = Inter-level travel time spent in this place.
 D = Time resting spent in this place.
 E = Time spent auto-exploring this place.
 F = Levels seen in this place.
 G = Mean time per level.
                   A        B        C        D        E       F      G
               +--------+--------+--------+--------+--------+-----+--------+
         Total |  29288 |  26583 |   2705 |   4485 |  16139 |  25 | 1171.5 |
       Dungeon |  17371 |  15475 |   1896 |   1555 |  10518 |  15 | 1158.1 |
          Lair |   8354 |   7784 |    570 |   2398 |   3999 |   5 | 1670.8 |
   Spider Nest |   1034 |   1013 |     21 |     76 |    562 |   1 | 1034.0 |
  Orcish Mines |   1529 |   1313 |    216 |    156 |    742 |   2 |  764.5 |
       Ossuary |    495 |    495 |      0 |    261 |     94 |   1 |  495.0 |
      Gauntlet |    503 |    503 |      0 |     37 |    222 |   1 |  503.0 |
               +--------+--------+--------+--------+--------+-----+--------+

Top non-repeatable levels by time:
  Lair:2: 2180 daAuts
  Lair:3: 2026 daAuts
  Lair:5: 1920 daAuts
     D:8: 1807 daAuts
     D:9: 1532 daAuts
    D:11: 1515 daAuts
    D:13: 1422 daAuts
    D:12: 1304 daAuts
    D:10: 1275 daAuts
     D:6: 1213 daAuts
  Lair:1: 1198 daAuts
     D:2: 1121 daAuts
    D:14: 1063 daAuts
Spider:1: 1034 daAuts
  Lair:4: 1027 daAuts
